 Dungeon Crawl Stone Soup version 0.29-a0-664-gff9cad4a3d (webtiles) character file.

Game seed: 13217661123274595768

90 buhh the Vandal (level 4, -11/22 HPs)
             Began as a Spriggan Hunter on June 22, 2022.
             Mangled by an ice beast (12 damage)
             ... on level 5 of the Dungeon.
             The game lasted 00:06:19 (2159 turns).

buhh the Vandal (Spriggan Hunter)                   Turns: 2159, Time: 00:06:20

Health: -11/22     AC:  2    Str:  7    XL:     4   Next: 32%
Magic:  5/5        EV: 19    Int: 10    God:
Gold:   192        SH:  0    Dex: 20    Spells: 3/3 levels left

rFire   . . .      SeeInvis +   a - +1 hunting sling
rCold   . . .      Faith    .   (no shield)
rNeg    . . .      Spirit   .   b - +0 robe
rPois   .          Reflect  .   (helmet restricted)
rElec   .          Harm     .   (no cloak)
rCorr   .          Rampage  .   (gloves unavailable)
Will    .....                   (boots unavailable)
Stlth   ++........              (no amulet)
HPRegen 0.07/turn               (no ring)
MPRegen 0.09/turn               (no ring)

@: very quick
A: very small, no large weapons, unfitting armour, see invisible, speed 3
a: no special abilities


You were on level 5 of the Dungeon.
You visited 1 branch of the dungeon, and saw 6 of its levels.

You collected 192 gold pieces.

Inventory:

Hand Weapons
 a - a +1 hunting sling (weapon)
Armour
 b - a +0 robe (worn)
Jewellery
 i - a ring of protection from cold
Scrolls
 c - a scroll of enchant weapon {unknown}
 m - a scroll of poison {unknown}
 p - a scroll of summoning {unknown}
 q - 2 scrolls of teleportation {unknown}
 T - 2 scrolls of immolation {!d}
 X - a scroll of amnesia
Potions
 h - a potion of berserk rage {!q}
 j - a potion of heal wounds {unknown}
 k - a potion of brilliance {unknown}
 l - a potion of lignification {!d}
 n - a potion of cancellation {unknown}
 o - a potion of flight {unknown}
 L - 2 potions of resistance {!q!d}


   Skills:
 - Level 1.5 Fighting
 * Level 5.9 Slings
 * Level 4.5 Dodging
 - Level 1.5 Stealth
 * Level 1.2 Hexes


You had 3 spell levels left.
You didn't know any spells.
Your spell library contained the following spells:

 Spells                   Type           Power      Damage    Failure   Level
 Ensorcelled Hibernation  Hex/Ice        2%         N/A       41%         2
 Tukima's Dance           Hex            2%         N/A       56%         3
 Inner Flame              Hex/Fire       1%         N/A       65%         3
 Summon Guardian Golem    Hex/Summ       1%         N/A       65%         3
 Ignite Poison            Fire/Tmut/Pois 0%         N/A       75%         3
 Mephitic Cloud           Conj/Pois/Air  0%         N/A       75%         3
 Spider Form              Tmut/Pois      0%         N/A       75%         3
 Anguish                  Hex/Necr       0%         N/A       96%         4
 Freezing Cloud           Conj/Ice/Air   0%         6-21      100%        5
 Simulacrum               Ice/Necr       0%         N/A       100%        6


Dungeon Overview and Level Annotations

Branches:
Dungeon (6/15) Zot: 26907
 Temple: D:4-7

Altars:

Annotations:
D:3 Pargi
D:5 exclusion: centaur, Eustachio
D:6 exclusion: centaur


Innate Abilities, Weirdness & Mutations

You are very small and have problems with some larger weapons.
You are too small for most types of armour.
You have supernaturally acute eyesight. (SInv)
You cover ground extremely quickly. (Speed+++)


Message History

Fire: a) +1 hunting sling
Press: ? - help, Q - select action Shift-Dir - straight line, f/p - ogre
Aim: an ogre, wielding a +0 giant club (moderately wounded, 77% to hit)
You shoot a sling bullet. The sling bullet hits the sky beast!
The sky beast is moderately wounded.
The sky beast misses you. The sky beast closely misses you.
Fire: a) +1 hunting sling
Press: ? - help, Q - select action Shift-Dir - straight line, f/p - ogre
Aim: an ogre, wielding a +0 giant club (moderately wounded, 77% to hit)
You shoot a sling bullet.
The sling bullet closely misses the sky beast.
The sling bullet hits the ogre but does no damage.
The ogre is moderately wounded.
The sky beast misses you.
Fire: a) +1 hunting sling
Press: ? - help, Q - select action Shift-Dir - straight line, f/p - ogre
Aim: an ogre, wielding a +0 giant club (moderately wounded, 77% to hit)
You shoot a sling bullet.
The sling bullet closely misses the sky beast.
The sling bullet closely misses the ogre.
The sky beast misses you.
Fire: a) +1 hunting sling
Press: ? - help, Q - select action Shift-Dir - straight line, f/p - ogre
Aim: an ogre, wielding a +0 giant club (moderately wounded, 77% to hit)
You shoot a sling bullet.
The sling bullet barely misses the sky beast.
The sling bullet hits the ogre.
The ogre is heavily wounded.
The white imp gestures at you. The puff of frost hits you!
* * * LOW HITPOINT WARNING * * *
The sky beast flickers out of sight for a moment.
There is a stone staircase leading up here.
You climb upwards.
Level annotation: exclusion: centaur, Eustachio The ice beast hits you.
* * * LOW HITPOINT WARNING * * *
The ice beast freezes you!
Ouch! That really hurt!
You die...

........................#
..............##.........#
....(.........####.......#
#c............####...#####
...............####
.##...............#
..###.........##...#
#.###..Y..:...####...
#.....@.........?....
###...##......#####..
...........###.####
.......##....Y....#
....##. #.#.....<.# .##.
#. #.##......# . ..
...#......# . ..
...^##.### ..#. ..#


You could see an ice beast.

Vanquished Creatures
  4 adders
  A worm (D:2)
  A dart slug (D:2)
  2 ball pythons
  4 endoplasms
  3 giant cockroaches
  4 goblins (D:1)
  3 hobgoblins
  4 quokkas
  4 bats
  4 frilled lizards (D:1)
  11 kobolds
  4 rats
49 creatures vanquished.

Notes
Turn   | Place    | Note
-------+----------+-------------------------------------------
     0 | D:1      | buhh the Spriggan Hunter began the quest for the Orb.
     0 | D:1      | Reached XP level 1. HP: 10/10 MP: 2/2
    65 | D:1      | Reached skill level 5 in Slings
    92 | D:1      | Reached XP level 2. HP: 14/14 MP: 3/3
   446 | D:2      | Reached XP level 3. HP: 18/18 MP: 4/4
   713 | D:2      | Found a faded altar of an unknown god.
  1487 | D:3      | Got Iwnawkui's Tome of the Frigorific Oath
  1523 | D:3      | Reached XP level 4. HP: 22/22 MP: 5/5
  1698 | D:3      | Noticed Pargi
  1905 | D:4      | HP: 1/22 [orc priest/nerve-wracking pain (2)]
  1912 | D:5      | Entered Level 5 of the Dungeon
  1912 | D:5      | Noticed an ice beast
  1928 | D:5      | Noticed Eustachio
  1939 | D:5      | Noticed a centaur
  2004 | D:6      | Noticed an ogre
  2090 | D:6      | Noticed a sky beast
  2091 | D:6      | Noticed a centaur
  2144 | D:6      | HP: 1/22 [white imp/puff of frost (9)]
  2159 | D:5      | HP: 1/22 [ice beast (1)]
  2159 | D:5      | Mangled by an ice beast

Illustrated notes

Levels and vault maps discovered:
D:1:      dpeg_arrival_more_subterranean_lakeside_camping, layout_basic
D:2:      layout_loops_corners, ebering_ecumenical_altar_box, chequers_arboretum
D:3:      layout_loops_cross, uniq_pargi
D:4:      layout_rooms, serial_curves, eino_curves_03, eino_curves_03,
          minmay_starry_boxes, uniq_duvessa
D:5:      layout_rooms, minmay_temple_entry_large_hall, uniq_eustachio
D:6:      layout_cave_pods, uniq_prince_ribbit1

Skill      XL: |  1  2  3  4 |
---------------+-------------+-----
Slings         | 5 |  5.9
Dodging        | 3 4 |  4.5
Hexes          | 1 |  1.2
Fighting       | |  1.5
Stealth        | |  1.5

Action                   |  1- 3 |  4- 6 || total
-------------------------+-------+-------++-------
 Fire: Hunting sling     |   102 |    57 ||   159
  Use: Scroll            |       |     3 ||     3
       Potion            |       |     3 ||     3
Armor: Robe              |     3 |       ||     3
Dodge: Dodged            |    21 |    29 ||    50

Table legend: (Time is in decaauts)
 A = Elapsed time spent in this place.
 B = Non-inter-level travel time spent in this place.
 C = Inter-level travel time spent in this place.
 D = Time resting spent in this place.
 E = Time spent auto-exploring this place.
 F = Levels seen in this place.
 G = Mean time per level.
                   A        B        C        D        E       F      G
               +--------+--------+--------+--------+--------+-----+--------+
         Total |   1436 |   1403 |     33 |     12 |    975 |   6 |  239.3 |
       Dungeon |   1436 |   1403 |     33 |     12 |    975 |   6 |  239.3 |
               +--------+--------+--------+--------+--------+-----+--------+

Top non-repeatable levels by time:
     D:2: 544 daAuts
     D:3: 383 daAuts
     D:1: 301 daAuts
     D:6: 90 daAuts
     D:4: 74 daAuts
     D:5: 40 daAuts
